Map: Яганната РВ

Players

Strange

  • Race: Protoss Protoss
  • League: Master
  • Spawn Location: 7:00

Hawk - Winner!

  • Race: Protoss Protoss
  • League: Master
  • Spawn Location: 1:00

VOD

Have the link to the VOD?

Description

Time

  • Played on: Jan. 28, 2021, 7:07 a.m.
  • Length: 13:09
Show
View Real Time Build Order
Export as new Build Order

Strange Protoss 

Build Orders: Oracle Opening, Phoenix Opening 

Get SALT Encoding   

  12  0:00  Probe  
  13  0:12  Probe  
  14  0:17  Pylon  
  14  0:24  Probe (Chrono Boost)  
  15  0:36  Gateway  
  15  0:37  Probe (Chrono Boost)  
  16  0:43  Probe (Chrono Boost)  
  16  0:45  Assimilator  
  17  0:52  Probe (Chrono Boost)  
  17  0:54  Assimilator  
  18  1:04  Probe (Chrono Boost)  
  19  1:07  Gateway  
  19  1:13  Probe (Chrono Boost)  
  19  1:18  Probe  
  20  1:23  Cybernetics Core  
  21  1:30  Probe  
  22  1:33  Pylon  
  22  1:42  Probe  
  23  1:54  Probe  
  23  2:00  Stalker, Warp Gate (Chrono Boost), Sentry  
  28  2:06  Probe  
  29  2:14  Pylon  
  29  2:18  Probe  
  30  2:30  Probe  
  30  2:32  Stalker x2  
  30  2:36  Phoenix  
  35  2:37  Pylon  
  35  2:45  Shield Battery  
  35  2:57  Probe  
  36  2:59  Pylon  
  36  3:02  Stalker  
  38  3:10  Probe  
  40  3:19  Stargate  
  37  3:34  Nexus  
  37  3:42  Robotics Facility  
  37  3:55  Sentry  
  39  3:56  Pylon  
  39  3:59  Oracle (Chrono Boost)  
  42  4:07  Zealot  
  44  4:17  Shield Battery  
  44  4:26  Shield Battery  
  44  4:32  Immortal (Chrono Boost)  
  48  4:47  Probe x2  
  50  4:56  Stalker x2  
  53  5:08  Immortal (Chrono Boost)  
  57  5:16  Pylon  
  57  5:19  Probe x2  
  59  5:31  Probe x2  
  61  5:39  Immortal (Chrono Boost)  
  65  5:44  Probe x2  
  67  5:52  Pylon  
  67  5:59  Probe x2  
  69  6:07  Assimilator  
  69  6:09  Pylon, Assimilator  
  69  6:11  Probe x2  
  71  6:18  Forge  
  71  6:23  Probe x2  
  73  6:27  Twilight Council  
  73  6:35  Probe x2  
  75  6:41  Protoss Ground Weapons Level 1 (Chrono Boost)  
  75  6:46  Gateway x2, Observer  
  76  6:47  Probe x2  
  78  6:58  Stalker x2  
  82  7:01  Blink (Chrono Boost), Pylon  
  82  7:14  Immortal  
  82  7:36  Robotics Bay  
  82  7:37  Gateway  
  82  7:38  Gateway  
  82  7:54  Nexus  
  82  7:56  Pylon  
  82  8:03  Probe x2  
  84  8:15  Probe x2, Shield Battery  
  86  8:21  Stalker x4  
  86  8:22  Disruptor (Chrono Boost)  
  97  8:27  Probe x2  
  97  8:28  Observer  
  97  8:29  Pylon  
  97  8:33  Protoss Ground Weapons Level 2  
  99  8:39  Probe  
  100  8:46  Shield Battery  
  100  8:51  Disruptor  
  100  8:52  Probe x2  
  105  9:00  Stalker x2  
  109  9:09  Zealot x2  
  113  9:11  Stalker  
  108  9:25  Stalker  
  108  9:26  Stalker x2  
  99  9:42  Disruptor  
  102  9:49  Stalker x3  
  91  10:13  Nexus  
  91  10:14  Pylon  
  91  10:17  Disruptor (Chrono Boost)  
  94  10:25  Sentry, Stalker x3  
  102  10:29  Pylon  
  102  10:31  Pylon  
  102  10:42  Observer (Chrono Boost)  
  103  10:43  Probe x2  
  103  10:48  Photon Cannon  
  105  10:50  Photon Cannon  
  105  10:58  Stalker x2  
  107  11:07  Stalker x4  
  109  11:25  Stalker x2  
  80  11:32  Stalker x3  
  82  11:38  Observer (Chrono Boost)  
  78  11:47  Sentry  
  78  11:49  Sentry x2  
  84  11:58  Stalker x2  
  88  12:04  Stalker  
  90  12:10  Stalker  
  90  12:13  Observer  
  93  12:27  Stalker  
  95  12:30  Stalker  
Show
View Real Time Build Order
Export as new Build Order

Hawk Protoss - Winner!

Build Orders: Blink Stalkers 

Get SALT Encoding   

  12  0:00  Probe  
  13  0:12  Probe  
  14  0:17  Pylon  
  14  0:24  Probe (Chrono Boost)  
  16  0:37  Probe (Chrono Boost)  
  16  0:38  Gateway  
  16  0:42  Probe (Chrono Boost)  
  16  0:47  Assimilator  
  17  0:54  Probe (Chrono Boost)  
  17  0:55  Assimilator  
  18  1:06  Probe (Chrono Boost)  
  18  1:09  Gateway  
  19  1:13  Probe (Chrono Boost)  
  20  1:21  Probe  
  20  1:23  Pylon  
  21  1:31  Cybernetics Core  
  21  1:34  Probe  
  22  1:46  Probe  
  23  1:55  Pylon  
  23  1:59  Probe  
  24  2:07  Adept x2  
  28  2:08  Warp Gate  
  28  2:11  Probe  
  29  2:24  Probe  
  30  2:36  Probe  
  31  2:37  Stalker x2  
  35  2:48  Pylon  
  35  2:49  Twilight Council, Probe  
  36  3:01  Probe  
  37  3:07  Stalker x2  
  39  3:29  Nexus  
  39  3:33  Probe  
  40  3:40  Blink (Chrono Boost)  
  40  3:46  Probe  
  41  3:58  Probe  
  41  3:59  Stalker x2  
  46  4:10  Probe  
  46  4:17  Robotics Facility  
  47  4:25  Probe  
  46  4:37  Probe  
  47  4:45  Probe  
  48  4:46  Stalker x2  
  48  4:50  Probe  
  53  4:57  Probe  
  54  5:02  Probe  
  54  5:05  Gateway  
  54  5:06  Gateway  
  55  5:07  Pylon  
  55  5:09  Probe, Observer  
  55  5:14  Probe  
  58  5:17  Stalker x2  
  62  5:21  Pylon  
  62  5:25  Probe  
  62  5:26  Pylon  
  63  5:45  Probe  
  63  5:47  Nexus  
  64  5:50  Stalker x2  
  64  5:51  Pylon  
  64  5:55  Warp Prism (Chrono Boost)  
  70  6:04  Stalker x2  
  70  6:09  Assimilator  
  74  6:20  Shield Battery  
  74  6:21  Shield Battery  
  74  6:23  Stalker x2  
  78  6:29  Probe x2  
  80  6:41  Probe x2  
  80  6:43  Shield Battery  
  82  6:48  Stalker x3  
  82  6:49  Stalker  
  82  6:53  Probe x2  
  86  7:12  Stalker x4  
  90  7:19  Probe  
  90  7:20  Probe  
  90  7:22  Charge (Chrono Boost)  
  92  7:35  Gateway  
  92  7:37  Gateway  
  92  7:39  Gateway  
  92  7:40  Gateway  
  92  7:42  Gateway  
  92  7:47  Templar Archives  
  92  7:52  Zealot x4  
  100  8:04  Pylon  
  100  8:07  Assimilator  
  100  8:08  Pylon  
  100  8:12  Zealot x4  
  104  8:14  Pylon  
  104  8:17  Pylon  
  104  8:19  Probe  
  109  8:21  Pylon  
  109  8:30  Pylon  
  109  8:34  High Templar x2  
  109  8:35  High Templar x2  
  109  8:39  Archon x2  
  109  8:41  Zealot x5  
  127  9:03  Zealot x5  
  127  9:08  Zealot x3  
  127  9:09  Zealot  
  127  9:29  Zealot x4  
  127  9:30  Zealot x5  
  127  9:31  Probe  
  112  9:57  Zealot x6  
  112  9:58  Zealot x3  
  122  10:02  Dark Shrine  
  118  10:15  Forge  
  118  10:18  High Templar  
  118  10:19  High Templar x3  
  118  10:20  Zealot x4  
  134  10:22  Zealot  
  134  10:23  Archon  
  134  10:24  Archon  
  136  10:44  Protoss Ground Weapons Level 1 (Chrono Boost)  
  136  10:53  Nexus  
  136  10:54  Pylon, Zealot x6  
  102  11:27  Dark Templar x3  
  102  11:28  Dark Templar x5  
  90  11:46  Zealot  
  90  11:52  Archon x2  
  90  11:53  Archon  
  90  11:55  Immortal (Chrono Boost)  
  84  12:05  High Templar x2  
  84  12:06  Zealot x6  
  84  12:08  Zealot  
  100  12:14  Archon  
  100  12:15  Probe  
  100  12:18  Shield Battery  
  100  12:21  Shield Battery  
  101  12:26  Immortal (Chrono Boost)  
  105  12:30  Zealot x6  
  117  12:41  Zealot x3  
  101  12:56  Zealot x4  
Tags
 
Add a new tag
Caveats
  • Supply blocks, unpowered buildings, or Contaminate may cause inaccurate times.
  • Supply counts are checked every 10 seconds.